 Dungeon Crawl Stone Soup version 0.18-a0-1157-g59db91b (webtiles) character file.

17357 Chiseanne the Pioneer (level 12, 0/97 HPs)
             Began as a Mummy Artificer on Jan 23, 2016.
             Was an Elder of Pakellas.
             Killed from afar by a deep elf knight (43 damage)
             ... with a stone arrow
             ... on level 13 of the Dungeon.
             The game lasted 01:04:36 (13391 turns).

Chiseanne the Pioneer (Mummy Artificer)            Turns: 13391, Time: 01:04:36

Health: 0/97       AC: 27    Str: 17    XL:     12   Next: 18%
Magic:  4/19       EV:  4    Int: 11    God:    Pakellas [****..]
Gold:   565        SH:  0    Dex: 18    Spells: 0 memorised, 11 levels left

rFire  x . .     SeeInvis .     a - +4 short sword (venom)
rCold  + . .     Gourm    .     l - +1 crystal plate armour
rNeg   + + +     Faith    .     (no shield)
rPois  ∞         Spirit   .     j - +2 hat
rElec  .         Dismiss  .     M - +0 cloak
rCorr  .         Reflect  .     J - +0 pair of gloves {archery}
SustAt .         Harm     .     m - +0 pair of boots
MR     +....                    (no amulet)
Stlth  ..........               H - +3 ring of dexterity
                                (no ring)

@: somewhat resistant to hostile enchantments, extremely unstealthy
A: no food or potions, fire vulnerability, cold resistance 1, negative energy
resistance 3, torment resistance, unbreathing
a: Quick Charge, Device Surge, Renounce Religion


You were on level 13 of the Dungeon.
You worshipped Pakellas.
Pakellas was greatly pleased with you.
You were not hungry.

You visited 2 branches of the dungeon, and saw 14 of its levels.
You also visited: Sewer.

You collected 787 gold pieces.
You spent 222 gold pieces at shops.

Inventory:

Hand Weapons
 a - a +4 short sword of venom (weapon)
 e - a cursed -1 broad axe
 w - a +0 blowgun
 C - a +1 flail of draining
 O - a +1 flail of protection
 Q - a +0 vampiric whip
 R - a +2 dagger of electrocution
 T - a +0 flail of protection
Missiles
 f - 95 sling bullets
 h - 203 arrows
 k - 15 tomahawks (quivered)
 n - 8 curare-tipped needles
 q - 27 poisoned needles
 r - 37 bolts
 t - 14 steel sling bullets
 v - 7 arrows of frost
 A - 5 tomahawks of returning
 F - 2 throwing nets
 L - 8 needles of paralysis
Armour
 j - a +2 hat (worn)
 l - a +1 crystal plate armour (worn)
 m - a +0 pair of boots (worn)
 u - a troll hide
 J - a +0 pair of gloves of archery (worn)
 M - a +0 cloak (worn)
Magical Staves
 x - an uncursed staff of energy
Rods
 P - a +4 rod of shadows (14/14) {god gift}
   (Pakellas gifted it to you on level 11 of the Dungeon)
Jewellery
 H - a +3 ring of dexterity (right hand)
Wands
 d - a wand of enslavement (0/24)
 y - a wand of confusion (4/48)
 B - a wand of lightning (2/15) {god gift}
 G - a wand of digging (11/24)
 K - a wand of draining (0/15)
 N - a wand of disintegration (5/24)
 S - a wand of paralysis (7/24)
Scrolls
 b - 16 scrolls of identify
 c - a scroll of amnesia
 g - 9 scrolls of remove curse
 i - 4 scrolls of blinking
 o - 8 scrolls of teleportation
 p - 3 scrolls of fog
 z - 3 scrolls of magic mapping
 I - a scroll of immolation
 U - a scroll of fear
Books
 D - a book of Death

   Spells                             Type                      Level
   a - Corpse Rot                     Necromancy                   2
   b - Sublimation of Blood           Necromancy                   2
   c - Agony                          Necromancy                   5
   d - Dispel Undead                  Necromancy                   5
   e - Excruciating Wounds            Charms/Necromancy            5
   f - Bolt of Draining               Conjuration/Necromancy       5
 E - a book of Conjurations

   Spells                             Type                      Level
   a - Magic Dart                     Conjuration                  1
   b - Searing Ray                    Conjuration                  2
   c - Dazzling Spray                 Conjuration/Hexes            3
   d - Fulminant Prism                Conjuration/Hexes            4
   e - Iskenderun's Mystic Blast      Conjuration                  4
   f - Iskenderun's Battlesphere      Conjuration/Charms           5
Miscellaneous
 s - a phial of floods


   Skills:
 - Level 10.0 Fighting
 - Level 0.7 Short Blades
 * Level 9.9 Armour
 * Level 5.4 Dodging
 - Level 0.7 Stealth
 * Level 10.1 Evocations


You had 11 spell levels left.
You didn't know any spells.

Dungeon Overview and Level Annotations

Branches:
Dungeon (13/15)            Temple (1/1) D:5            Lair (0/8) D:9
    Orc (0/2) D:11
 Vaults: D:13-14

Altars:
Ashenzari
Cheibriados
Dithmenos
Elyvilon
Fedhas
Gozag
Kikubaaqudgha
Makhleb
Nemelex Xobeh
Okawaru
Pakellas
Qazlal
Ru
Sif Muna
Trog
Vehumet
Xom
Yredelemnul
Zin
The Shining One

Shops:
D:6 *   D:7 =

Portals:
Trove: D:12 (give 7 scrolls of blinking)


Innate Abilities, Weirdness & Mutations

You do not eat or drink.
Your flesh is vulnerable to fire.
You are immune to poison.
Your flesh is cold resistant.
You are immune to negative energy.
You are immune to unholy pain and torment.
You can survive without breathing.


Message History

The deep elf knight hits you but does no damage.
Your crystal plate armour prevents you from hitting the deep elf knight.
The deep elf knight is heavily wounded.
The deep elf knight hits you but does no damage.
You miss the deep elf knight.
The deep elf knight is heavily wounded.
The deep elf knight hits you with a scimitar.
The deep elf knight's shroud bends your attack away.
The deep elf knight hits you with a scimitar.
The deep elf knight hits you but does no damage.
The deep elf knight's shroud bends your attack away.
The deep elf knight hits you but does no damage.
The deep elf knight blocks your attack.
The deep elf knight is severely wounded.
The deep elf knight hits you but does no damage.
You closely miss the deep elf knight.
The deep elf knight is severely wounded.
The deep elf knight gestures at you while chanting.
The stone arrow hits you!
You die...

#.########
## ###....
#.# ## #)#
#.... #.#
#.# #$#
#.... #.#
##C# #.#
#.... #.#
#.#.#.#
#.... #.#
##.#.#
####. #.#
#.#.#.#
#.#
##e#.#.#
#.#
##@#.#.#[#
#.#
#)########
#.# ##)#
#)# #..#
#%###.##
#.##..#
#.##.##
#.##.#
#.##.#


You could see a deep elf knight.

Vanquished Creatures
  A vault guard (D:13)
  A hydra (D:12)
  An unseen horror (D:13)
  A hill giant (D:10)
  An orc sorcerer (D:11)
  A cyclops (D:13)
  Maurice (D:10)
  An ugly thing (D:11)
  The ghost of crawlian the Ruffian, a novice TrMo of the Shining One (D:6)
  Joseph (D:9)
  A gargoyle (D:10)
  A komodo dragon (D:9)
  4 trolls
  2 two-headed ogres
  Grinder (D:5)
  A spriggan (D:9)
  A yak (D:9)
  A hungry ghost (D:7)
  3 hippogriffs
  3 vampire mosquitoes
  4 sky beasts
  An ice beast (D:9)
  2 black bears
  5 orc warriors
  8 ogres
  2 phantoms (D:11)
  4 centaurs
  2 necrophages
  3 crocodiles
  5 giant frogs
  3 big kobolds
  A wyvern zombie (D:8)
  A gnoll sergeant (D:5)
  A wyvern skeleton (D:13)
  2 scorpions
  A troll zombie (D:11)
  6 killer bees (D:10)
  3 wights
  4 crimson imps
  3 giant frog zombies
  10 hounds
  8 orc wizards
  6 orc priests
  3 giant frog skeletons
  3 iguanas
  4 worker ants
  4 ogre zombies (D:11)
  13 gnolls
  13 adders
  A river rat (D:3)
  2 shadow imps
  3 oozes
  2 adder skeletons (D:4)
  5 worms
  2 giant geckos (D:3)
  34 orcs
  2 giant cockroaches (D:3)
  12 goblins
  3 hobgoblins
  13 jackals
  A quokka (D:12)
  8 ball pythons
  5 bats
  6 giant newts
  2 goblin zombies (D:11)
  A hobgoblin zombie (D:11)
  14 kobolds
  An orc skeleton (D:11)
  7 orc zombies (D:11)
  A quokka skeleton (D:10)
  A quokka zombie (D:10)
  10 rats
289 creatures vanquished.

Vanquished Creatures (collateral kills)
  The ghost of nublet the Grappler, a journeyman OgTm of Sif Muna (D:13)
  Erolcha (D:11)
  A death yak (D:11)
  A hill giant (D:11)
  2 griffons (D:11)
  A gargoyle (D:11)
  3 polar bears (D:11)
  A troll (D:11)
  A wraith (D:11)
  8 yaks (D:11)
  A wyvern (D:13)
  5 vampire mosquitoes
  A soldier ant (D:11)
  3 black bears (D:11)
  2 giant frogs
  4 wights
  3 crimson imps
  A quasit (D:11)
  3 hounds (D:11)
  An orc priest (D:12)
  An orc wizard (D:8)
  An iguana (D:12)
  A worker ant (D:11)
  An ogre zombie (D:11)
  3 gnolls
  A giant gecko (D:7)
  8 orcs
  A goblin skeleton (D:11)
  2 hobgoblin zombies (D:11)
  3 orc skeletons (D:11)
  An orc zombie (D:11)
  A quokka skeleton (D:8)
68 creatures vanquished.

Vanquished Creatures (others)
  2 hill giants (D:13)
  An orc knight (D:13)
  2 polar bears (D:11)
  An orc warrior (D:12)
  2 yaks (D:11)
  A mottled dragon (D:11)
  2 ogres
  A gnoll sergeant (D:5)
  A troll zombie (D:11)
  3 wights
  A hound (D:12)
  2 giant frog skeletons
  2 orc wizards
  An ogre zombie (D:11)
  An orc (D:12)
  3 gnolls
  An adder (D:11)
  A quokka (D:7)
  A goblin zombie (D:11)
  3 orc skeletons (D:11)
  An orc zombie (D:11)
33 creatures vanquished.

Grand Total: 390 creatures vanquished

Notes
Turn   | Place    | Note
--------------------------------------------------------------
     0 | D:1      | Chiseanne the Mummy Artificer began the quest for the Orb.
     0 | D:1      | Reached XP level 1. HP: 15/15 MP: 2/2
   262 | D:1      | Reached XP level 2. HP: 21/21 MP: 3/3
  1254 | D:2      | Reached XP level 3. HP: 19/27 MP: 5/5
  1343 | D:2      | Found a sparkling altar of Nemelex Xobeh.
  1344 | D:2      | Found a blossoming altar of Fedhas.
  1801 | D:2      | Reached skill level 1 in Armour
  2151 | D:3      | Reached skill level 3 in Evocations
  2231 | D:3      | Found a shadowy altar of Dithmenos.
  2245 | D:3      | Reached XP level 4. HP: 31/33 MP: 6/6
  2506 | D:3      | Found a glowing drain.
  2513 | Sewer    | Entered a sewer
  2717 | Sewer    | Noticed a big kobold
  2718 | Sewer    | Noticed a big kobold
  2748 | Sewer    | Killed a big kobold
  2748 | Sewer    | Reached XP level 5. HP: 36/41 MP: 7/7
  2973 | Sewer    | Reached XP level 6. HP: 47/47 MP: 8/8
  3266 | D:3      | Found a bloodstained altar of Trog.
  3643 | D:4      | Reached skill level 4 in Fighting
  4078 | D:4      | Reached XP level 7. HP: 51/54 MP: 10/10
  4268 | D:5      | Entered Level 5 of the Dungeon
  4273 | D:5      | Found a staircase to the Ecumenical Temple.
  4304 | Temple   | Entered the Ecumenical Temple
  4400 | Temple   | Became a worshipper of Pakellas the Inventive
  4412 | D:5      | Noticed Grinder
  4416 | D:5      | Killed Grinder
  4459 | D:5      | Reached skill level 5 in Fighting
  4728 | D:5      | Reached skill level 5 in Evocations
  4728 | D:5      | Reached XP level 8. HP: 55/63 MP: 11/11
  4760 | D:5      | Reached * piety under Pakellas
  5467 | D:6      | Found Imaich's Assorted Antiques.
  5476 | D:6      | Bought a bone wand for 112 gold pieces
  5476 | D:6      | Bought a scroll of teleportation for 84 gold pieces
  5503 | D:6      | Reached skill level 6 in Fighting
  5576 | D:6      | Noticed crawlian's ghost (novice TrMo)
  5606 | D:6      | Killed crawlian's ghost
  5606 | D:6      | Reached skill level 5 in Armour
  5637 | D:6      | Found a blossoming altar of Fedhas.
  5888 | D:6      | Found a shattered altar of Ashenzari.
  5891 | D:6      | Found a glowing golden altar of the Shining One.
  5905 | D:6      | Found a basalt altar of Yredelemnul.
  5906 | D:6      | Found a glowing silver altar of Zin.
  5910 | D:6      | Found a sacrificial altar of Ru.
  6297 | D:7      | Found Heewn's Jewellery Boutique.
  6315 | D:7      | Reached XP level 9. HP: 71/71 MP: 13/13
  6317 | D:7      | Bought a cursed -2 ring of intelligence for 26 gold pieces
  6334 | D:7      | Reached skill level 7 in Fighting
  6741 | D:7      | Reached ** piety under Pakellas
  6741 | D:7      | Received a gift from Pakellas
  7843 | D:8      | Reached skill level 8 in Fighting
  7957 | D:9      | Upgraded the game from 0.18-a0-1147-g8e8348b to 0.18-a0-1157-g59db91b
  7981 | D:9      | Noticed Joseph
  7996 | D:9      | Killed Joseph
  8045 | D:9      | Found a staircase to the Lair.
  8061 | D:9      | Reached XP level 10. HP: 82/82 MP: 7/15
  8325 | D:9      | Identified a scroll of acquirement
  8749 | D:10     | Entered Level 10 of the Dungeon
  8749 | D:10     | Noticed Maurice
  8767 | D:10     | Killed Maurice
  8767 | D:10     | Reached skill level 9 in Fighting
  8785 | D:10     | Noticed a gargoyle
  8847 | D:10     | Killed a gargoyle
  9307 | D:10     | Reached *** piety under Pakellas
  9609 | D:10     | Noticed a hill giant
  9643 | D:10     | Killed a hill giant
 10552 | D:11     | Noticed a hill giant
 10570 | D:11     | Killed a hill giant
 10570 | D:11     | Reached skill level 10 in Fighting
 10570 | D:11     | Reached XP level 11. HP: 90/90 MP: 17/17
 10651 | D:11     | Found a huge runed gate.
 10651 | D:11     | Found a huge runed gate.
 10651 | D:11     | Found a huge runed gate.
 10651 | D:11     | Found a huge runed gate.
 10651 | D:11     | Noticed a griffon
 10651 | D:11     | Noticed a death yak
 10658 | D:11     | Noticed a griffon
 10786 | D:11     | Killed a griffon
 10798 | D:11     | Killed a griffon
 10800 | D:11     | Killed a death yak
 10806 | D:11     | Reached **** piety under Pakellas
 10806 | D:11     | Received a gift from Pakellas
 10810 | D:11     | Identified a +4 rod of shadows (14/14) {god gift} (Pakellas gifted it to you on level 11 of the Dungeon)
 10973 | D:11     | Noticed an orc sorcerer
 10981 | D:11     | Killed an orc sorcerer
 11164 | D:11     | Found a staircase to the Orcish Mines.
 11264 | D:11     | Noticed a white ugly thing
 11278 | D:11     | Killed a white ugly thing
 11332 | D:11     | Noticed Erolcha
 11355 | D:11     | Killed Erolcha
 11401 | D:11     | Found Webeg's Book Shoppe.
 12006 | D:12     | Reached ***** piety under Pakellas
 12066 | D:12     | Noticed an eight-headed hydra
 12074 | D:12     | Killed an eight-headed hydra
 12302 | D:12     | Found a portal to a secret trove of treasure.
 12960 | D:13     | Noticed nublet's ghost (journeyman OgTm)
 12979 | D:13     | Killed nublet's ghost
 12979 | D:13     | Reached XP level 12. HP: 81/97 MP: 8/19
 13057 | D:13     | Reached skill level 5 in Dodging
 13089 | D:13     | Noticed a vault guard
 13090 | D:13     | Reached skill level 10 in Evocations
 13123 | D:13     | Killed a vault guard
 13391 | D:13     | Killed from afar by a deep elf knight

Vault maps used:
D:1:      roderic_octagonal_star
D:2:      gammafunk_temple_overflow_statue
D:3:      overflow_temple_1_default, first_bread, gup_sewer_entry_bubbles,
          nicolae_dithmenos_shadow_blocks
D:4:      minivault_5
D:5:      temple_fountains, kennysheep_cross_room, minmay_misc_feat_hallway,
          uniq_grinder
D:6:      minitemple, serial_shops, nicolae_shop_statue_plus,
          kennysheep_big_empty_room, fedhas_altar_1
D:7:      serial_shops, shop
D:8:      minivault_22
D:9:      dpeg_lair_monsters, grunt_pizzeria, uniq_joseph
D:10:     uniq_maurice
D:11:     lemuel_bear_cage, zombieorc2_lemuel, serial_shops,
          nicolae_shop_waterfront, uniq_erolcha
D:12:     trove_entry_hex_spiral, serial_park_tiny_2
D:13:     david_vaults_5
Temple:   circular_temple_12
Sewer:    sewer_co_15_rooms

Action                   |  1- 3 |  4- 6 |  7- 9 | 10-12 || total
-------------------------+-------+-------+-------+-------++-------
Melee: Short sword       |   159 |    28 |   387 |   453 ||  1027
       Dagger            |    31 |   287 |       |   148 ||   466
       Flail             |       |       |       |    18 ||    18
Throw: Tomahawk          |       |       |       |    16 ||    16
Invok: Quick Charge      |       |       |     3 |    17 ||    20
Evoke: Wand              |     5 |     7 |    88 |    99 ||   199
       Phial of floods   |       |       |       |     1 ||     1
       Rod               |       |       |       |    10 ||    10
       Box of beasts     |       |       |       |     8 ||     8
  Use: Scroll            |     4 |     2 |     8 |     3 ||    17
 Stab: Sleeping          |     1 |       |       |       ||     1
       Distracted        |       |       |     2 |     5 ||     7
       Confused          |       |       |     1 |    31 ||    32
       Paralysed         |       |       |       |     5 ||     5
